 Dungeon Crawl Stone Soup version 0.31-a0-256-g80acddb972 (webtiles) character file.

Game seed: 7559665662237256080

2 qw the Shooter (level 1, -2/16 HPs)
             Began as a Minotaur Hexslinger on July 12, 2023.
             Slain by a kobold
             ... wielding a +0 whip
              (5 damage)
             ... on level 1 of the Dungeon.
             The game lasted 00:00:03 (132 turns).

qw the Shooter (Minotaur Hexslinger)                 Turns: 132, Time: 00:00:03

Health: -2/16      AC:  2    Str: 12    XL:     1   Next: 33%
Magic:  1/1        EV: 12    Int: 10    God:
Gold:   0          SH:  0    Dex: 12    Spells: 1/2 levels left

rFire   . . .        Y - +1 sling
rCold   . . .        (no shield)
rNeg    . . .        c - +0 robe
rPois   .            (helmet restricted)
rElec   .            (no cloak)
rCorr   .            (no gloves)
SInv    .            (no boots)
Will    .....        (no amulet)
Stlth   +            (no ring)
HPRegen 0.22/turn    (no ring)
MPRegen 0.07/turn

%: no passive effects
@: no status effects
A: horns 2, retaliatory headbutt
a: no special abilities


You were on level 1 of the Dungeon.
You visited 1 branch of the dungeon, and saw 1 of its levels.


Innate Abilities, Weirdness & Mutations

You have a pair of horns on your head.
You reflexively headbutt those who attack you in melee.


   Skills:
 - Level 1.2 Fighting
 + Level 2.5 Ranged Weapons
 - Level 2.1 Dodging
 - Level 1.0 Spellcasting
 - Level 2.0 Hexes


You had one spell level left.
You knew the following spells:

 Your Spells              Type           Power      Damage    Failure   Level
a - Slow                  Hex            16%        N/A       16%         1

Your spell library contained the following spells:

 Spells                   Type           Power      Damage    Failure   Level
 Inner Flame              Hex/Fire       2%         N/A       56%         3
 Portal Projectile        Hex/Tloc       4%         N/A       56%         3
 Cause Fear               Hex            2%         N/A       83%         4

Inventory:

Hand Weapons
 Y - a +1 sling (weapon)
Armour
 c - a +0 robe (worn)
Scrolls
 b - a scroll of poison

Dungeon Overview and Level Annotations

Branches:
Dungeon (1/15)

Altars:


Message History

You shoot a sling bullet.
The sling bullet barely misses the quokka.
The quokka twitches its whiskers.
The quokka misses you.
You shoot a sling bullet. The sling bullet hits the quokka.
You kill the quokka!
You see here a quokka corpse.
Found a hand axe.
Enter note: A kobold and a hobgoblin come into view.
Found an escape hatch in the floor.
Enter note: You shoot a sling bullet.
The sling bullet hits the hobgoblin but does no damage.
You shoot a sling bullet. The sling bullet hits the hobgoblin.
The hobgoblin is heavily wounded.
The hobgoblin completely misses you.
You shoot a sling bullet.
The sling bullet closely misses the hobgoblin.
The hobgoblin closely misses you.
You shoot a sling bullet.
The sling bullet closely misses the hobgoblin.
The kobold barely misses you. The hobgoblin closely misses you.
You shoot a sling bullet.
The sling bullet closely misses the hobgoblin.
The kobold hits you with a +0 whip. The hobgoblin closely misses you.
The kobold barely misses you. The hobgoblin closely misses you.
You furiously retaliate!
You headbutt the hobgoblin!
You kill the hobgoblin!
You shoot a sling bullet.
The sling bullet barely misses the kobold.
The kobold hits you with a +0 whip.
You shoot a sling bullet.
The sling bullet barely misses the kobold.
The kobold hits you with a +0 whip.
You shoot a sling bullet.
The sling bullet hits the kobold but does no damage.
The kobold closely misses you. You furiously retaliate!
You headbutt the kobold. The kobold hits you with a +0 whip.
You die...

#.#### #.# ... #....#
#.#### ...
#....###....## #..
#....##....... ##.>
#....##.#.#.#. #...
#....##....... #...
#....##.#.#.#.
#...####.##.##.......
#..K@..........#.#.#.
#...#.###.#.###.......
#.# #.....#.# #.#.#.#.
# #######.###.......
.................)
########.####.####.
......(....##.#
.......%.####.#
########.# #.#


You could see a kobold.

Vanquished Creatures
  A hobgoblin (D:1)
  A quokka (D:1)
2 creatures vanquished.

Notes
Turn   | Place    | Note
-------+----------+-------------------------------------------
     0 | D:1      | qw the Minotaur Hexslinger began the quest for the Orb.
     0 | D:1      | Reached XP level 1. HP: 16/16 MP: 1/1
     0 | D:1      | 0 ||| qw: Version: 0.3-a-52-g30416fa
     0 | D:1      | 0 ||| qw: Game counter: 6729
     0 | D:1      | 0 ||| qw: Melee chars always use a shield: true
     0 | D:1      | 0 ||| qw: God list: Okawaru
     0 | D:1      | 0 ||| qw: Allow faded altars: false
     0 | D:1      | 0 ||| qw: Do Orc after clearing Dungeon:15 true
     0 | D:1      | 0 ||| qw: Do second Lair branch before Depths: true
     0 | D:1      | 0 ||| qw: Lair rune preference: random
     0 | D:1      | 0 ||| qw: Goals: Normal
     0 | D:1      | 0 ||| PLANNING D:1-11
    76 | D:1      | 76 ||| READING scroll labelled WETAOQ YTOEDD.
   131 | D:1      | HP: 3/16 [kobold/+0 whip (5)]
   132 | D:1      | Slain by a kobold

Levels and vault maps discovered:
D:1:      wander_arrival_lonely_grave, layout_basic, serial_glass,
          glass_columns_b, glass_columns_c

Action                     || total
---------------------------++-------
   Fire: Sling             ||    11
    Use: Scroll            ||     1
  Dodge: Dodged            ||     9

Table legend:
 A = Non-vault XP
 B = Vault XP
 C = Vault XP percentage of total XP
 D = Non-vault monster count
 E = Vault monster count
 F = Vault count percentage of total count
                 A         B        C        D         E       F
            +---------+---------+-------+---------+---------+-------
      Total |       4 |       0 |   0.0 |       2 |       0 |   0.0
            +---------+---------+-------+---------+---------+-------
        D:1 |       4 |       0 |   0.0 |       2 |       0 |   0.0
            +---------+---------+-------+---------+---------+-------
